 Dungeon Crawl Stone Soup version 0.29-a0-409-gd843f3a48c (webtiles) character file.

Game seed: 1059591434149231836

60 trckry the Caller (level 4, -2/21 HPs)
             Began as a Vine Stalker Summoner on May 13, 2022.
             Slain by Jessica
             ... wielding a +0 club
              (4 damage)
             ... on level 2 of the Dungeon.
             The game lasted 00:07:59 (2223 turns).

trckry the Caller (Vine Stalker Summoner)           Turns: 2223, Time: 00:07:59

Health: -2/21      AC:  3    Str: 10    XL:     4   Next: 4%
Magic:  0/9        EV: 12    Int: 17    God:
Gold:   151        SH:  0    Dex: 15    Spells: 6/9 levels left

rFire   . . .      SeeInvis .   m - +0 dagger (elec)
rCold   . . .      Faith    .   (no shield)
rNeg    . . .      Spirit   +   a - +0 robe
rPois   .          Reflect  .   (no helmet)
rElec   .          Harm     .   (no cloak)
rCorr   .          Rampage  .   (no gloves)
Will    .....                   i - +0 pair of boots
Stlth   ++........              (no amulet)
HPRegen 0.87/turn               q - ring of flight
MPRegen 0.11/turn               (no ring)

@: flying
A: fangs 2, regeneration 1, magic shield, antimagic bite, no potion heal 2
a: no special abilities


You were on level 2 of the Dungeon.
You visited 1 branch of the dungeon, and saw 2 of its levels.

You collected 151 gold pieces.

Inventory:

Hand Weapons
 m - a +0 dagger of electrocution (weapon)
Missiles
 f - 5 poisoned darts (quivered)
Armour
 a - a +0 robe (worn)
 i - a +0 pair of boots (worn)
 p - a +2 ring mail of fire resistance
Jewellery
 j - a ring of ice
 q - a ring of flight (left hand)
Scrolls
 d - a scroll of enchant armour {unknown}
 e - a scroll of amnesia {unknown}
 h - 2 scrolls of identify {unknown}
 k - 2 scrolls of noise {unknown}
 n - a scroll of enchant weapon {unknown}
 o - a scroll of magic mapping {unknown}
Potions
 b - a potion of magic
 c - a potion of curing {unknown}
 g - a potion of cancellation {unknown}


   Skills:
 - Level 1.5 Dodging
 - Level 2.4 Stealth
 + Level 3.0 Spellcasting
 * Level 5.1 Summonings


You had 6 spell levels left.
You knew the following spells:

 Your Spells              Type           Power      Damage    Failure   Level
a - Summon Small Mammal   Summ           76%        N/A       2%          1
b - Call Imp              Summ           19%        N/A       3%          2

Your spell library contained the following spells:

 Spells                   Type           Power      Damage    Failure   Level
 Call Canine Familiar     Summ           19%        N/A       6%          3
 Summon Guardian Golem    Hex/Summ       11%        N/A       19%         3
 Ensorcelled Hibernation  Hex/Ice        4%         N/A       26%         2
 Static Discharge         Conj/Air       2%         N/A       26%         2
 Spider Form              Tmut/Pois      2%         N/A       45%         3
 Summon Lightning Spire   Summ/Air       11%        N/A       52%         4
 Anguish                  Hex/Necr       1%         N/A       86%         4
 Dispel Undead            Necr           2%         3d7       86%         4
 Passage of Golubria      Tloc           2%         N/A       86%         4
 Sticky Flame             Conj/Fire      2%         2d3       86%         4
 Silence                  Hex/Air        1%         N/A       99%         5
 Lehudib's Crystal Spear  Conj/Erth      1%         10d2      100%        8


Dungeon Overview and Level Annotations

Branches:
Dungeon (2/15)

Altars:

Shops:
D:2 :

Annotations:
D:2 Jessica, Natasha


Innate Abilities, Weirdness & Mutations

You have extremely sharp teeth.
Your natural rate of healing is unusually fast.
When hurt, damage is shared between your health and your magic reserves.
Your bite disrupts and absorbs the magic of your enemies.
Potions cannot restore your health.


Message History

Your crimson imp closely misses the jackal.
Natasha closely misses you.
You take 1 damage, and have 15/21 hp.
You hit the jackal.
You kill the jackal!
Your crimson imp hits the jackal but does no damage.
Natasha casts a spell.
Your crimson imp hits the jackal.
The jackal dies!
Jessica hits you with a +0 club.
You now have 6/9 mp.
Casting: Call Imp (safe; 3% risk of failure)
Confirm with . or Enter, or press ? or * to list all spells.
Okay, then.
Natasha attacks as you move away! Natasha claws you.
Jessica hits you but does no damage.
The goblin closely misses your crimson imp.
You take 2 damage, and have 13/21 hp.
You now have 4/9 mp.
Casting: Call Imp (safe; 3% risk of failure)
Confirm with . or Enter, or press ? or * to list all spells.
A beastly little devil appears in a puff of frigid air.
Your crimson imp disappears in a puff of smoke!
Jessica hits you with a +0 club. Natasha closely misses you.
Jessica casts a spell at you. Pain shoots through your body!
* * * LOW HITPOINT WARNING * * *
You take 8 damage, and have 5/21 hp.
MASSIVE DAMAGE!!
You now have 1/9 mp.
Jessica attacks as you move away! Jessica hits you with a +0 club.
* * * LOW HITPOINT WARNING * * *
Natasha casts a spell.
Jessica barely misses you.
Your white imp hits Natasha but does no damage.
You take 2 damage, and have 3/21 hp.
It was a potion of flight.
You feel more buoyant.
You feel yourself speed up. Jessica hits you with a +0 club.
* * * LOW HITPOINT WARNING * * *
Natasha closely misses you.
Your white imp misses Natasha.
Jessica hits you with a +0 club.
You die...

#......# #......##
#.......# #.......#
#.......# ###.###.#
...>.. #..##>#
...g.. ##.##.#
##...... #..#@#
.h..... . ##5h@#
..h.. .. ##.h###@†#
.. ##5g#†.###.#
#..†.......#..
#.................#
#......†.(.......<#
#...............#.#
#..................


You could see Natasha (ally target), a crimson imp (summoned), Jessica (fast), a
jackal, a goblin and a friendly white imp (summoned).

Vanquished Creatures
  An adder (D:2)
  A hobgoblin (D:2)
  2 jackals (D:2)
  A frilled lizard (D:2)
5 creatures vanquished.

Vanquished Creatures (collateral kills)
  An adder (D:2)
  A ball python (D:1)
  6 endoplasms
  2 giant cockroaches
  7 goblins
  4 hobgoblins (D:1)
  2 jackals (D:2)
  2 kobolds (D:1)
  2 bats (D:1)
  A frilled lizard (D:1)
  A rat (D:1)
29 creatures vanquished.

Grand Total: 34 creatures vanquished

Notes
Turn   | Place    | Note
-------+----------+-------------------------------------------
     0 | D:1      | trckry the Vine Stalker Summoner began the quest for the
                  | Orb.
     0 | D:1      | Reached XP level 1. HP: 9/9 MP: 4/4
   370 | D:1      | Reached XP level 2. HP: 7/13 MP: 0/6
   373 | D:1      | Learned a level 2 spell: Call Imp
  1404 | D:1      | Reached XP level 3. HP: 15/16 MP: 4/7
  1654 | D:2      | HP: 2/16 [goblin/+0 dagger of electrocution (6)]
  2062 | D:2      | Found Veuleh's Book Boutique.
  2198 | D:2      | Noticed Jessica
  2207 | D:2      | Reached skill level 5 in Summonings
  2210 | D:2      | Noticed Natasha
  2214 | D:2      | Gained mutation: Your natural rate of healing is unusually
                  | fast. [Vine Stalker growth]
  2214 | D:2      | Reached XP level 4. HP: 17/21 MP: 5/9
  2222 | D:2      | HP: 1/21 [Jessica/+0 club (4)]
  2223 | D:2      | Slain by Jessica

Illustrated notes

Levels and vault maps discovered:
D:1:      minmay_arrival_arboretum_small, layout_basic, fountainhead,
          chequers_arboretum, chequers_mini_garden, minmay_quantized
D:2:      layout_rooms, serial_shops, shop, uniq_natasha, uniq_jessica

Skill      XL: |  1  2  3 |
---------------+----------+-----
Summonings     | 5 |  5.1
Spellcasting   | 3 |  3.0
Dodging        | |  1.5
Stealth        | |  2.4

Action                   |  1- 3 |  4- 6 || total
-------------------------+-------+-------++-------
Melee: Dagger            |     7 |     2 ||     9
       Bite              |     1 |     1 ||     2
 Cast: Summon Small Mamm |    43 |       ||    43
       Call Imp          |     4 |     2 ||     6
  Use: Potion            |       |     1 ||     1
 Stab: Distracted        |     1 |       ||     1
Armor: Robe              |    13 |     3 ||    16
Dodge: Dodged            |    25 |     9 ||    34

Table legend: (Time is in decaauts)
 A = Elapsed time spent in this place.
 B = Non-inter-level travel time spent in this place.
 C = Inter-level travel time spent in this place.
 D = Time resting spent in this place.
 E = Time spent auto-exploring this place.
 F = Levels seen in this place.
 G = Mean time per level.
                   A        B        C        D        E       F      G
               +--------+--------+--------+--------+--------+-----+--------+
         Total |   2228 |   2164 |     64 |    260 |   1306 |   2 | 1114.0 |
       Dungeon |   2228 |   2164 |     64 |    260 |   1306 |   2 | 1114.0 |
               +--------+--------+--------+--------+--------+-----+--------+

Top non-repeatable levels by time:
     D:1: 1597 daAuts
     D:2: 630 daAuts
